 Dungeon Sprint DCSS version 0.26.1-2-gb8aa6d0cf2 (webtiles) character file.

Game seed: 5162878019864548462

59 Groucho the Covert (level 3, 0/16 HPs)
             Began as a Spriggan Enchanter on Feb 22, 2021.
             Was a Believer of Kikubaaqudgha.
             Slain by a warg (16 damage)
             ... in the Dungeon (Sprint VII: "The Pits").
             The game lasted 00:03:30 (1334 turns).

Groucho the Covert (Spriggan Enchanter)             Turns: 1334, Time: 00:03:31

Health: 0/16       AC:  2    Str:  5    XL:     3   Next: 78%
Magic:  6/9        EV: 18    Int: 16    God:    Kikubaaqudgha [**....]
Gold:   0          SH:  0    Dex: 16    Spells: 3/9 levels left

rFire    . . .     SeeInvis +   a - +2 dagger
rCold    . . .     Faith    .   (shield restricted)
rNeg     . . .     Spirit   .   b - +0 robe
rPois    .         Reflect  .   (helmet restricted)
rElec    .         Harm     .   (no cloak)
rCorr    .         Rampage  .   (gloves unavailable)
Will     .....     NoTele   +   (boots unavailable)
Stlth    +++++.....             (no amulet)
HPRegen  0.05/turn              (no ring)
MPRegen  0.11/turn              (no ring)

@: very quick
A: very small, unfitting armour, see invisible, speed 3
a: Renounce Religion, Receive Corpses


You were in the Dungeon.
You worshipped Kikubaaqudgha.
Kikubaaqudgha was pleased with you.
You visited 1 branch

Inventory:

Hand Weapons
 a - a +2 dagger (weapon)
Missiles
 m - 10 stones
Armour
 b - a +0 robe (worn)
Scrolls
 i - a scroll of blinking
 j - 3 scrolls of remove curse
 k - 5 scrolls of amnesia
 l - a scroll of summoning
Potions
 c - 2 potions of invisibility
 d - 6 potions of curing
 e - 4 potions of heal wounds
 f - a potion of haste
 g - 4 potions of magic
 h - a potion of berserk rage


   Skills:
 - Level 1.1 Short Blades
 - Level 3.0 Dodging
 * Level 11.3 Stealth
 + Level 3.6 Spellcasting
 + Level 4.4 Hexes


You had 3 spell levels left.
You knew the following spells:

 Your Spells              Type           Power        Failure   Level
a - Corona                Hex            18%          3%          1
b - Ensorcelled Hibernat  Hex/Ice        18%          11%         2
c - Confusing Touch       Hex            17%          9%          3

Your spell library contained the following spells:

 Spells                   Type           Power        Failure   Level
 Tukima's Dance           Hex            17%          9%          3
 Pain                     Necr           8%           19%         1
 Dazzling Flash           Conj/Hex       18%          22%         3
 Corpse Rot               Necr/Air       N/A          26%         2
 Sublimation of Blood     Necr           1%           26%         2
 Vampiric Draining        Necr           1%           47%         3


Dungeon Overview and Level Annotations

Branches:
Dungeon (1/1)

Altars:
Ashenzari
Cheibriados
Dithmenos
Elyvilon
Fedhas
Gozag
Hepliaklqana
Kikubaaqudgha
Makhleb
Nemelex Xobeh
Okawaru
Qazlal
Ru
Sif Muna
Trog
Uskayaw
Vehumet
Wu Jian
Xom
Yredelemnul
Zin
The Shining One
Beogh
Jiyva
Lugonu

Annotations:
D Grinder


Innate Abilities, Weirdness & Mutations

You are very small and have problems with some larger weapons.
You are too small for most types of armour.
You have supernaturally acute eyesight. (SInv)
You cover ground extremely quickly.


Message History

You completely miss the warg. The warg bites you!
Ouch! That really hurt!
* * * LOW HITPOINT WARNING * * *
You feel much better. The warg closely misses you.
You hit the warg but do no damage.
The warg appears confused.
You catch the helpless warg completely off-guard!
You impale the warg!!
The warg is severely wounded.
The warg stops glowing.
The warg bites the worker ant!
The warg barely misses itself.
You barely miss the warg.
The warg is severely wounded.
The warg bites you!
Ouch! That really hurt!
* * * LOW HITPOINT WARNING * * *
Unknown command.
You feel much better. The warg bites you!
Ouch! That really hurt!
You die...
Kikubaaqudgha rasps: "You have failed me!
Welcome... death!"

#.?..')))).##.....
##########.##.....
#...........'.....
#'#####'#####.....
#.#...#÷#..##.....
#.#...#÷#))#####'#
#.#...'.#))##.....
#.##'####))##.....
#@#.....#[[##.....
#h#.....#'###...<.
#B#........##.....
#.#........##.....
#'###########.....
#..#.#.## ######
#.......#
##.#.#.## ......


You could see a warg (confused) and a worker ant.

Vanquished Creatures
  A jelly (D)
  2 river rats (D)
  An adder skeleton (D)
  A leopard gecko (D)
  A bat zombie (D)
  A giant cockroach (D)
  2 jackals (D)
  A quokka (D)
  A ball python (D)
11 creatures vanquished.

Notes
Turn   | Place    | Note
-------+----------+-------------------------------------------
     0 | D        | Groucho the Spriggan Enchanter began the quest for the Orb.
     0 | D        | Reached XP level 1. HP: 9/9 MP: 5/5
    13 | D        | Reached skill level 5 in Stealth
    39 | D        | Found a bloodstained altar of Trog.
    39 | D        | Found a shimmering blue altar of Sif Muna.
    39 | D        | Found a viscous altar of Jiyva.
    39 | D        | Found a hazy altar of Hepliaklqana.
    39 | D        | Found an opulent altar of Gozag.
    40 | D        | Found a glowing golden altar of the Shining One.
    40 | D        | Found a glowing silver altar of Zin.
    40 | D        | Found a basalt altar of Yredelemnul.
    40 | D        | Found a shimmering altar of Xom.
    40 | D        | Found an ornate altar of the Wu Jian Council.
    40 | D        | Found a sacrificial altar of Ru.
    40 | D        | Found a stormy altar of Qazlal.
    40 | D        | Found an iron altar of Okawaru.
    40 | D        | Found a sparkling altar of Nemelex Xobeh.
    40 | D        | Found a burning altar of Makhleb.
    40 | D        | Found a blossoming altar of Fedhas.
    40 | D        | Found a white marble altar of Elyvilon.
    40 | D        | Found a shadowy altar of Dithmenos.
    40 | D        | Found a snail-covered altar of Cheibriados.
    41 | D        | Found a radiant altar of Vehumet.
    41 | D        | Found a corrupted altar of Lugonu.
    41 | D        | Found a roughly hewn altar of Beogh.
    42 | D        | Found an ancient bone altar of Kikubaaqudgha.
    42 | D        | Found a hide-covered altar of Uskayaw.
    42 | D        | Found a broken altar of Ashenzari.
    50 | D        | Became a worshipper of Kikubaaqudgha
    68 | D        | Reached skill level 6 in Stealth
    90 | D        | Reached * piety under Kikubaaqudgha
    90 | D        | Identified Kikubaaqudgha's Guide on Unholy Rituals
                  | (Kikubaaqudgha gifted it to you in the Dungeon)
    90 | D        | Received a gift from Kikubaaqudgha
    91 | D        | Reached skill level 8 in Stealth
    91 | D        | Reached XP level 2. HP: 13/13 MP: 4/6
   428 | D        | Learned a level 2 spell: Ensorcelled Hibernation
   450 | D        | Reached skill level 9 in Stealth
   511 | D        | Reached ** piety under Kikubaaqudgha
   535 | D        | Reached skill level 10 in Stealth
   535 | D        | Reached XP level 3. HP: 16/16 MP: 1/8
  1051 | D        | Reached skill level 11 in Stealth
  1113 | D        | Learned a level 3 spell: Confusing Touch
  1318 | D        | Noticed Grinder
  1320 | D        | Noticed a warg
  1334 | D        | Slain by a warg

Illustrated notes

Levels and vault maps discovered:
D:        pitsprint [storerooms_1, entrance_room_1, metal_vault_8, armoury_2,
          mini_pit_1, grid_room_1, main_hall_1, silver_pit, the_coven_3,
          the_vestibule_1, steel_vault_5, golden_pit, hallway_of_sentries,
          crystal_vault_4, iron_vault_5, final_vault]

Skill      XL: |  1  2  3 |
---------------+----------+-----
Stealth        | 8 10 11 | 11.3
Spellcasting   | 3 |  3.6
Hexes          | 4 |  4.4
Short Blades   | |  1.1
Dodging        | |  3.0

Action                   || total
-------------------------++-------
Melee: Dagger            ||    32
 Cast: Corona            ||     4
       Ensorcelled Hiber ||     5
       Confusing Touch   ||     1
  Use: Potion            ||     4
 Stab: Sleeping          ||     6
       Confused          ||     1
Armor: Robe              ||     3
Dodge: Dodged            ||    27
